[Event "*** Titled Tuesday 3|2 Blitz"]
[Site "Chess.com"]
[Date "2015.12.01"]
[Round "8"]
[White "BellJackson95"]
[Black "Iball95"]
[Result "0-1"]
[WhiteElo "2198"]
[BlackElo "2441"]
[TimeControl "180+2"]
[EndTime "18:44:08 PST"]
[Termination "Iball95 won by resignation"]

1. e4 e5 2. Nf3 Nc6 3. Bc4 Bc5 4. c3 Nf6 5. d4 exd4 6. cxd4 Bb4+ 7. Bd2 Bxd2+ 8.
Nbxd2 d5 9. exd5 Nxd5 10. O-O O-O 11. Rc1 Bg4 12. h3 Bh5 13. Qb3 Na5 14. Qa3 Nxc4 15. Rxc4 c6 16. Ne5 Be2 17. Re1 Bxc4 18. Ndxc4 f6 19.
Nf3 Re8 20. Rd1 Qd7 21. Qd3 Re7 22. Qb3 Rae8 23. Ne3 Kh8 24. Ng4 Qf5 25. Qa3 a6 26.
Qc5 Qd7 27. a4 Re2 28. b4 Qe7 29. Qc4 Qxb4 30. Qc1 Qxa4 31. Rf1 Qc2 32. Qa1 Qe4 33. Qd1 a5 34. Qb3 b5 35. Qa3 a4 36. Qc1 Qc2 37.
Qa3 b4 38. Qa1 a3 39. Rc1 Qb2 40. Qxb2 axb2 0-1

[Event "*** Titled Tuesday 3|2 Blitz"]
[Site "Chess.com"]
[Date "2015.12.01"]
[Round "8"]
[White "ItalianMachine"]
[Black "flubs"]
[Result "1-0"]
[WhiteElo "2237"]
[BlackElo "2166"]
[TimeControl "180+2"]
[EndTime "18:44:13 PST"]
[Termination "ItalianMachine won by resignation"]

1. e4 c6 2. c4 d5 3. Nc3 dxe4 4. Nxe4 Bf5 5. Ng3 Bg6 6. d4 Nf6 7. Nf3 e6 8. Bd3 Bb4+ 9. Bd2 Bxd3 10. Bxb4 Bxc4 11.
Rc1 Bd5 12. O-O Nbd7 13. Ne5 Rc8 14. Bd6 Ne4 15. Ba3 b6 16. Nxe4 Bxe4 17. Nc4 Nf6 18. Nd6+ Kd7 19. Nxf7 Qe8 20. Nxh8 Qxh8 21. Qa4 a5 22. b4 Bd3 23. Rfe1 Bb5 24. Qb3 Nd5 25. bxa5 bxa5 26. Bc5 Qe8 27. Qg3 Rc7 28. Qd6+ Kc8 29. Rxe6 Qh5 30. Rce1 Qg4 31. Re8+ Kb7 32. Qd8 Rc8 33.
Qxc8+ Qxc8 34. Rxc8 Kxc8 35. Re8+ Kd7 36. Rh8 Bd3 37. Rg8 g6 38. Rg7+ Ke6 39. Rxh7 Nc3 40. Ra7 a4 41. f3 Bb5 42. a3 Kd5 43. Kf2 Kc4 44. h4 Kb3 45. g4 Bc4 46. h5 gxh5 47. gxh5 Bd3 48. h6 Nd1+ 49. Kg3 Ne3 50. Kf4 Nd5+ 51.
Ke5 Ne3 52. h7 Nc4+ 53. Kf6 Bxh7 54. Rb7+ 1-0

[Event "*** Titled Tuesday 3|2 Blitz"]
[Site "Chess.com"]
[Date "2015.12.01"]
[Round "8"]
[White "ntmh281"]
[Black "Penguininja"]
[Result "1-0"]
[WhiteElo "2160"]
[BlackElo "2160"]
[TimeControl "180+2"]
[EndTime "18:44:25 PST"]
[Termination "ntmh281 won by resignation"]

1. d4 d5 2. Nf3 Nf6 3. g3 Bf5 4. Bg2 h6 5. O-O c6 6. Nbd2 e6 7. c4 Be7 8. b3 O-O 9. Bb2 a5 10. a3 Nbd7 11. Ne5 Bd6 12. Re1 Qc7 13. Nxd7 Qxd7 14.
f3 Bh7 15. e4 Ne8 16. e5 Bc7 17. f4 Bb6 18. cxd5 cxd5 19. b4 Nc7 20. Nb3 axb4 21. axb4 Nb5 22. Nc5 Bxc5 23. bxc5 Qc6 24. Qb3 Nc7 25. Bf1 Be4 26. Bc3 Rfb8 27. Ba5 Na6 28. Bb5 Qc8 29. Ra2 Nxc5 30. dxc5 Qxc5+ 31. Re3 Qc1+ 32. Bf1 b6 33. Bd2 Qc5 34. Bb4 Qc1 35.
Re1 Qc6 36. Bd6 Rc8 37. Rb2 Ra4 38. Qxb6 Qc3 39. Qb5 Raa8 40. Ree2 Qd4+ 41. Rf2 Ra1 42. Qb4 Qe3 43. Qd2 Qa7 44. Ra2 Rxa2 45. Qxa2 Qb6 46.
Qa6 Qd8 47. Rb2 Kh7 48. Kf2 Qd7 49. Bd3 Bg6 50. Bxg6+ fxg6 51. Rb7 Qc6 52. Qxc6 Rxc6 53. Bf8 h5 54. Rxg7+ 1-0

[Event "*** Titled Tuesday 3|2 Blitz"]
[Site "Chess.com"]
[Date "2015.12.01"]
[Round "8"]
[White "yopino"]
[Black "AdrianaNikolova"]
[Result "1-0"]
[WhiteElo "2224"]
[BlackElo "2187"]
[TimeControl "180+2"]
[EndTime "18:44:47 PST"]
[Termination "yopino won by resignation"]

1. e4 c5 2. Nc3 Nc6 3. Bb5 Nd4 4.
Bc4 e6 5. Nge2 Ne7 6. Nxd4 cxd4 7. Ne2 Nc6 8. d3 d5 9. exd5 exd5 10. Bb3 Bb4+ 11. Bd2 Qa5 12. c3 dxc3 13. bxc3 Bc5 14. O-O O-O 15. Nf4 d4 16. cxd4 Bb4 17. Be3 Bc3 18.
Rc1 Nxd4 19. Nd5 Bb2 20. Ne7+ Kh8 21. Rxc8 Raxc8 22. Nxc8 Rxc8 23. Bxf7 Rf8 24. Bc4 b5 25. Bd5 Qd8 26. Be4 Nf5 27. Bxf5 Rxf5 28. Bxa7 Bc3 29.
Be3 Rd5 30. Qb3 b4 31. d4 Ra5 32. Rd1 Qd5 33. Qxd5 Rxd5 34. Kf1 Kg8 35. Ke2 Ra5 36. Kd3 Rxa2 37. Kc4 Kf7 38. d5 Ke8 39. Bc5 Rb2 40.
Rd3 Kd7 41. Rg3 Be5 42. Rf3 Rd2 43. Rf7+ Kd8 44. Rf8+ Kd7 45. Rf7+ Kc8 46. Bxb4 Rc2+ 47. Kb5 Bf6 48. Bc5 Rb2+ 49. Kc6 Rc2 50. Rf8+ Bd8 51. d6 Rxc5+ 52. Kxc5 Kd7 53. Rf7+ Ke6 54. Rxg7 h5 55. Rh7 Bf6 56. Rxh5 Bb2 57. Rh6+ Kf5 58. d7 Ba3+ 59. Kc6 Be7 60. Rh7 1-0

[Event "*** Titled Tuesday 3|2 Blitz"]
[Site "Chess.com"]
[Date "2015.12.01"]
[Round "8"]
[White "Konavets"]
[Black "Anton_Demchenko"]
[Result "1-0"]
[WhiteElo "2511"]
[BlackElo "2624"]
[TimeControl "180+2"]
[EndTime "18:45:05 PST"]
[Termination "Konavets won by resignation"]

1. e4 e5 2. Nf3 Nc6 3. Bb5 g6 4. c3 a6 5. Ba4 d6 6. d4 Bd7 7.
d5 Nce7 8. Bxd7+ Qxd7 9. c4 Bg7 10. Nc3 h6 11. O-O f5 12. exf5 gxf5 13. Qb3 b6 14.
Re1 Nf6 15. a4 a5 16. Nb5 O-O 17. Bd2 Ne4 18. Rad1 Ng6 19. Be3 Qf7 20. Qa2 Kh8 21.
Re2 Rg8 22. Kh1 Kh7 23. Ne1 Nh4 24. f3 Qh5 25. Kg1 Rac8 26. b4 Ng5 27. Bxg5 hxg5 28. bxa5 bxa5 29. Qc2 g4 30. fxg4 Qxg4 31. Re3 e4 32.
Rg3 Qh5 33. Rh3 Be5 34. Qf2 Rg4 35. Nd4 Kg6 36. Ne6 Kf6 37. Rb1 Rcg8 38. Kh1 e3 39.
Qxe3 f4 40. Qf2 Qf5 41. Rb7 Ng6 42. Nf3 Qe4 43. Rh7 Qd3 44. Rbxc7 Qd1+ 45. Ng1 Bc3 46.
Rcf7+ Ke5 47. Rh5+ Ke4 48. Qf3+ Qxf3 49. gxf3+ Ke3 50.
fxg4 Ne5 51. Rh3+ Kd2 52. Rxf4 Nxg4 53. Rg3 Nh6 54. Rf2+ Ke1 55. Re2+ Kd1 56. Rd3+ Kc1 57. Rxc3+ Kb1 58. Rf3 1-0

[Event "*** Titled Tuesday 3|2 Blitz"]
[Site "Chess.com"]
[Date "2015.12.01"]
[Round "8"]
[White "gumersindo"]
[Black "Colombiano07"]
[Result "0-1"]
[WhiteElo "2193"]
[BlackElo "2116"]
[TimeControl "180+2"]
[EndTime "18:45:13 PST"]
[Termination "Colombiano07 won on time"]

1. d4 g6 2. Nf3 Nf6 3. c4 Bg7 4. Nc3 O-O 5. e4 d6 6. Be2 Na6 7. O-O e5 8. Be3 Ng4 9. Bg5 Qe8 10. h3 f6 11. Bc1 Nh6 12. Be3 Nf7 13. Rb1 f5 14. d5 f4 15. Bc1 g5 16. Nh2 Nc5 17. b4 Nd7 18. Bh5 Nf6 19. Be2 Nh6 20. f3 Nf7 21. c5 h5 22. Nb5 Qe7 23. cxd6 cxd6 24. Bd2 Nh6 25. Rc1 g4 26. hxg4 hxg4 27. fxg4 Nxe4 28.
Nc7 Rb8 29. Bf3 Nxd2 30. Qxd2 Qh4 31. Ne6 Rf7 32. Qd3 Bd7 33. Rc2 Rf6 34. g5 Bxe6 35. gxf6 Bf5 36. Be4 Qxf6 37. Rfc1 Rf8 38. Bxf5 Nxf5 39.
Rc8 Ng3 40. Rxf8+ Bxf8 41. Rc7 e4 42. Qd1 Bg7 43. Rc8+ Kh7 44. Nf1 Qd4+ 45. Qxd4 Bxd4+ 46. Kh2 Nxf1+ 47. Kh3 e3 48. Re8 Be5 49. Rc8 e2 50.
Rc1 Bc3 51. Kg4 e1=Q 52. Rxe1 Bxe1 53. Kxf4 Bxb4 54. Kf5 Kg7 55. Ke6 Kg6 56. Kd7 b6 57.
Kc6 Bc5 58. a4 a5 59. Kb5 Kf5 60. Ka6 Kg4 61. Kb7 Kg3 62. Ka8 Kxg2 63. Kb7 Kf3 0-1

[Event "*** Titled Tuesday 3|2 Blitz"]
[Site "Chess.com"]
[Date "2015.12.01"]
[Round "8"]
[White "Po6Don"]
[Black "MMSANCHEZ"]
[Result "0-1"]
[WhiteElo "2069"]
[BlackElo "2329"]
[TimeControl "180+2"]
[EndTime "18:45:21 PST"]
[Termination "MMSANCHEZ won by checkmate"]

1. e4 e6 2. d4 d5 3. e5 c5 4. Nf3 Nc6 5. Bd3 cxd4 6. O-O Nge7 7. Bf4 Ng6 8. Bg3 Be7 9. Nbd2 O-O 10. Nb3 Qb6 11.
h4 f6 12. Bxg6 hxg6 13. Qd3 f5 14. Nbxd4 Qxb2 15. Rfb1 Qa3 16. Rb3 Qc5 17. Rb5 Qc4 18. Qe3 Bc5 19. Rxc5 Qxc5 20. c3 Nxd4 21. cxd4 Qe7 22.
Bf4 Bd7 23. Ng5 Rac8 24. Qh3 Be8 25. Rd1 Bf7 26. Rd3 Qc7 27. Kh2 Rce8 28. Rg3 Qe7 29.
h5 gxh5 30. Nf3 Kh8 31. Bg5 Qd7 32. Qh4 Bg6 33. Bf6 gxf6 34. Rxg6 Qh7 35. Rxf6 Rxf6 36. exf6 Rg8 37. Ne5 Rf8 38. f7 Qh6 39. g3 Kh7 40. Qe7 Qg7 41. f4 b5 42. Qxe6 b4 43. Qxf5+ Kh6 44.
Qe6+ Kh7 45. f5 Qg5 46. Qg6+ Qxg6 47. fxg6+ Kg7 48. Kh3 a5 49. Nd7 a4 50. Nxf8 Kxf8 51. Kh4 b3 52. Kxh5 Kg7 53. axb3 axb3 54. f8=Q+ Kxf8 55.
Kh6 Kg8 56. g7 b2 57. g4 b1=Q 58. g5 Qh1+ 59. Kg6 Qh7+ 60. Kf6 Qxg7+ 61. Kf5 Kf7 62. g6+ Qxg6+ 63. Kf4 Qe4+ 64. Kg5 Qxd4 65. Kh5 Qg1 66. Kh4 Kf6 67. Kh3 Kf5 68. Kh4 Qh2# 0-1

[Event "*** Titled Tuesday 3|2 Blitz"]
[Site "Chess.com"]
[Date "2015.12.01"]
[Round "8"]
[White "bugsbunny444"]
[Black "HustleStandard"]
[Result "1-0"]
[WhiteElo "2361"]
[BlackElo "2378"]
[TimeControl "180+2"]
[EndTime "18:45:35 PST"]
[Termination "bugsbunny444 won by resignation"]

1. Nf3 g6 2. e4 Bg7 3. d4 d6 4.
Nc3 Nf6 5. h3 O-O 6. Be3 a6 7.
a4 b6 8. e5 Ne8 9. Bc4 e6 10.
O-O Nc6 11. Re1 Bb7 12. Bg5 Qc8 13. d5 Nxe5 14. Nxe5 dxe5 15. Be7 Nd6 16. Bxf8 Qxf8 17. Bb3 Kh8 18. Qg4 f5 19. Qb4 a5 20. Qa3 exd5 21. Bxd5 Bxd5 22. Nxd5 Qf7 23. Rad1 e4 24. Qb3 Rb8 25.
Nf4 Qxb3 26. cxb3 Bxb2 27. Ne6 Ba3 28. Nxc7 Rc8 29. Nd5 Rc2 30. Kf1 Bc5 31. Re2 Rxe2 32. Kxe2 Nf7 33. Rc1 Ne5 34. Rb1 Nd3 35. f3 Kg7 36.
fxe4 fxe4 37. Nc3 Nf4+ 38. Kf1 e3 39. Ne2 Nd5 40. Rd1 Nf6 41. Rd8 Ne4 42. g4 Nd2+ 43. Kg2 Nxb3 44. Kf3 Nd2+ 45. Kf4 Kf6 46. g5+ Ke6 47.
Rh8 Nb3 48. Rxh7 Nd4 49. Nxd4+ Bxd4 50. Kf3 Kd5 51. Rh6 b5 52. axb5 a4 53. Rxg6 Kc4 54. Ra6 Kxb5 55. Ra8 Kb4 56. h4 a3 57. h5 Bb6 58. h6 Bd4 59. g6 a2 60. Rxa2 Kb3 61.
Re2 Kc3 62. Rxe3+ Bxe3 63. Kxe3 Kc4 64. g7 Kd5 65. g8=Q+ Ke5 66. Qg4 Kf6 67. h7 1-0

[Event "*** Titled Tuesday 3|2 Blitz"]
[Site "Chess.com"]
[Date "2015.12.01"]
[Round "8"]
[White "ethylalcohol"]
[Black "the_drake"]
[Result "0-1"]
[WhiteElo "1873"]
[BlackElo "2011"]
[TimeControl "180+2"]
[EndTime "18:45:39 PST"]
[Termination "the_drake won by checkmate"]

1. e4 e5 2. Nf3 Nc6 3. Bc4 Bc5 4. c3 Nf6 5. d4 exd4 6. cxd4 Bb4+ 7. Nc3 Nxe4 8. O-O Bxc3 9. d5 Bf6 10. Re1 Ne7 11.
Rxe4 d6 12. Bg5 Bxg5 13. Nxg5 h6 14. Qe2 hxg5 15. Re1 Be6 16. dxe6 f6 17. Re3 d5 18. Rh3 Rxh3 19. gxh3 g6 20. Bd3 Qd6 21. Bxg6+ Nxg6 22. Qh5 O-O-O 23. Qxg6 Qe7 24. Qf7 Qxf7 25. exf7 Kd7 26. Kg2 Rf8 27. f4 Rxf7 28. fxg5 Rg7 29. h4 fxg5 30.
h5 Rh7 31. Re5 Rxh5 32. Rxd5+ Ke6 33. Rc5 c6 34. Kg3 Kd6 35. Ra5 a6 36. h3 c5 37.
b3 Rh4 38. a3 Kc6 39. b4 b6 40.
Rxa6 cxb4 41. axb4 Rxb4 42. Ra8 Rb1 43. Rg8 b5 44.
Kf2 Rb3 45. Kg2 Rb2+ 46. Kf3 Rh2 47. Kg3 Rh1 48. Kg2 Rc1 49. Rxg5 b4 50. h4 b3 51. Rg8 Rc5 52. Rc8+ Kd5 53. Rb8 Kc4 54. Kg3 Rb5 55.
Rc8+ Kd3 56. Rd8+ Kc2 57. Rc8+ Kb1 58. Rf8 b2 59. Kg4 Kc2 60. Rf2+ Kd3 61. Rf3+ Ke4 62. Rf4+ Ke3 63. Rf3+ Ke2 64. h5 b1=Q 65. h6 Qg6+ 66. Kf4 Rf5+ 67. Ke4 Qe6+ 68. Kd4 Rd5+ 69. Kc4 Qc6+ 70.
Kb3 Rb5+ 71. Ka2 Qc2+ 72. Ka3 Qb2+ 73. Ka4 Qb4# 0-1

[Event "*** Titled Tuesday 3|2 Blitz"]
[Site "Chess.com"]
[Date "2015.12.01"]
[Round "8"]
[White "alex_zapata"]
[Black "Fh2411"]
[Result "0-1"]
[WhiteElo "2161"]
[BlackElo "2296"]
[TimeControl "180+2"]
[EndTime "18:46:01 PST"]
[Termination "Fh2411 won by resignation"]

1. e4 e5 2. Nf3 Nc6 3. Bb5 Nf6 4. O-O Nxe4 5. d4 Nd6 6. Bxc6 dxc6 7. dxe5 Nf5 8. Qxd8+ Kxd8 9. Nc3 Ke8 10. h3 h5 11. Ne4 Be6 12. b3 Be7 13. c4 Rd8 14.
Bb2 Rh6 15. Rad1 Rg6 16. Kh2 Bc8 17. g3 b6 18. Nd4 Nxd4 19. Bxd4 c5 20. Bb2 Bf5 21. Nc3 c6 22. Rxd8+ Kxd8 23. Rd1+ Kc7 24. Ne2 Rh6 25. Bc1 Rh8 26. f4 Rd8 27. Rxd8 Bxd8 28. Kg2 f6 29. Bb2 Kd7 30. exf6 gxf6 31. Ng1 b5 32.
cxb5 cxb5 33. Kf3 Bb1 34. a3 a5 35. Ne2 Bc2 36. Nc1 Bd1+ 37. Kf2 Kc6 38. Ke1 Bf3 39. Kf2 Bd5 40. g4 hxg4 41. hxg4 Kd7 42. Ke3 Ke6 43. Bc3 Bb6 44. f5+ Kf7 45. Kf4 Bc7+ 46. Ke3 Bb6 47. Kf4 b4 48. axb4 cxb4 49. Bb2 Bf2 50. Nd3 Bh4 51.
Nc5 Bg5+ 52. Kg3 Be3 53. Nd3 Bxb3 54. Kf3 Bg5 55. Bd4 Bd5+ 56. Ke2 b3 57. Bc5 a4 58. Ba3 Bc4 59. Bc5 Bc1 60. Kd1 b2 61. Nxb2 Bxb2 62. Kc2 Be5 63. Ba3 Be2 64. Bc5 Bxg4 65.
Kb1 Bxf5+ 66. Ka2 Bd7 67. Ka3 Ke6 68. Kb4 f5 69. Bf2 Kd5 70. Ka3 f4 71. Kb4 f3 72.
Ka3 Ke4 73. Kb4 Bd4 74. Bg3 0-1

[Event "*** Titled Tuesday 3|2 Blitz"]
[Site "Chess.com"]
[Date "2015.12.01"]
[Round "8"]
[White "wonderfultime"]
[Black "ArnaudovP"]
[Result "1/2-1/2"]
[WhiteElo "2630"]
[BlackElo "2347"]
[TimeControl "180+2"]
[EndTime "18:46:06 PST"]
[Termination "Game drawn by agreement"]

1. d4 Nf6 2. c4 Nc6 3. Nf3 e6 4. Nc3 Bb4 5. Bg5 h6 6. Bxf6 Qxf6 7. e3 d6 8. Rc1 O-O 9. Be2 e5 10. O-O Bxc3 11. Rxc3 Bg4 12. dxe5 Nxe5 13. Nd4 Bxe2 14. Qxe2 c5 15. Nb5 Qe7 16. Rc2 a6 17. Nc3 Rad8 18.
Rd1 Nc6 19. Rcd2 Rd7 20. b3 Qe6 21. Qf3 Rfd8 22. Qg3 Ne5 23. h3 b5 24. cxb5 axb5 25.
Nxb5 d5 26. Rc1 d4 27. exd4 cxd4 28. Kh2 d3 29. f4 Ng6 30. a4 Qxb3 31. f5 Nf8 32. f6 Ng6 33. fxg7 Qxa4 34. Nc3 Qa3 35. Qe1 Qd6+ 36. g3 Re7 37. Qf2 Qa3 38. Rdd1 Rde8 39. Kh1 Qa8+ 40. Qg2 Qa6 41. Qf3 Re3 42. Qf2 Qb7+ 43.
Qg2 Qa6 44. Nd5 Re2 45. Qf3 Kxg7 46. Qxd3 Qxd3 47. Rxd3 h5 48. Rf1 h4 49. gxh4 Nxh4 50. Rg3+ Ng6 51. Nf4 R2e3 52. Nh5+ Kh6 53. Rxe3 Rxe3 54.
Nf6 Rxh3+ 55. Kg2 Ra3 56. Nd5 Kg7 57. Re1 f5 58. Rb1 Kh6 59. Rb6 Kg5 60. Kf2 Ne5 61.
Ke2 f4 62. Rb5 Ra2+ 63. Kf1 Kf5 64. Rb3 Kg4 65. Nf6+ Kg5 66. Ne4+ Kf5 67. Nd6+ Kg4 68. Ne4 Nf3 69. Nf6+ Kg3 70. Ne4+ Kg4 71. Nf6+ Kf5 72. Rxf3 Kxf6 73. Rxf4+ 1/2-1/2

[Event "*** Titled Tuesday 3|2 Blitz"]
[Site "Chess.com"]
[Date "2015.12.01"]
[Round "8"]
[White "Hikaru"]
[Black "DanielNaroditsky"]
[Result "1/2-1/2"]
[WhiteElo "2904"]
[BlackElo "2581"]
[TimeControl "180+2"]
[EndTime "18:49:08 PST"]
[Termination "Game drawn by agreement"]

1. b3 d5 2. Bb2 Bg4 3. d4 Nf6 4.
Nd2 e6 5. Ngf3 Nbd7 6. g3 Bd6 7. Bg2 c6 8. O-O O-O 9. Re1 h6 10. e4 dxe4 11. Nxe4 Nxe4 12. Rxe4 Nf6 13. Re2 Qa5 14. h3 Bxf3 15. Bxf3 Ba3 16. Re5 Qb4 17. c3 Qe7 18.
Bxa3 Qxa3 19. Qc2 a5 20. Rae1 Qd6 21. Kg2 Nd7 22. R5e2 Rfe8 23. c4 Nf6 24. Rd1 a4 25.
bxa4 Ra7 26. Qb3 Rea8 27. d5 cxd5 28. cxd5 e5 29. Qc3 Nd7 30. Bg4 Rxa4 31. Bxd7 Qxd7 32. Rxe5 Ra3 33. Qd4 Rxa2 34. d6 Qc6+ 35. Kg1 R2a4 36. Qb2 Ra2 37. Qb1 Qf3 38. Rf5 Qxd1+ 39. Qxd1 Ra1 40. Qxa1 Rxa1+ 41. Kg2 Rd1 42. Rb5 Rxd6 43. Rxb7 g6 44. g4 Kg7 45. h4 h5 46. gxh5 gxh5 47. Rb5 Kg6 48. Rg5+ Kh6 49. Rf5 Kg6 50. Rg5+ Kh6 51.
Ra5 Rd4 52. Kh3 Rd3+ 53. Kg2 Rd4 54. Ra6+ Kg7 55. Kg3 Rg4+ 56. Kh3 Rf4 57. Ra2 Rf3+ 58.
Kg2 Rf4 59. Kg3 Rg4+ 60. Kh3 Rf4 61. Kg3 Rg4+ 62. Kh3 Rf4 63. Rb2 Rf3+ 64. Kg2 Rf4 65. Kh3 Rg4 66. f3 Ra4 67. Rb5 Kg6 68. Rg5+ Kh6 69.
Rf5 Kg6 70. Rg5+ Kh6 71. Kg3 f6 72. Rg8 Kh7 73. Rb8 Kg6 74. Rg8+ Kf7 75. Rc8 Kg6 76. Rc1 Rb4 77. Ra1 Rc4 78. Rd1 Rb4 79.
Re1 Rc4 80. Rg1 Kf5 81. Rd1 Kg6 82. Ra1 Rb4 83. Rc1 Ra4 84. Rf1 Rb4 85. Rh1 Ra4 86.
Rd1 Rb4 87. Rc1 Ra4 88. Rb1 Rc4 89. Rb5 Ra4 90. f4 Ra3+ 91. Kg2 Ra4 92. Kf3 Ra3+ 93. Kf2 Ra2+ 94. Kf3 Ra3+ 95. Ke4 Ra4+ 96. Ke3 Ra3+ 97. Kf2 Ra2+ 98. Ke3 Ra3+ 99. Ke4 Ra4+ 100. Ke3 Ra3+ 101. Ke4 Ra4+ 102. Kf3 Ra3+ 103. Kf2 Ra2+ 104. Kg3 Ra3+ 105. Kh2 Ra2+ 106. Kh3 Ra3+ 107. Kg2 Ra2+ 108. Kf3 Ra3+ 109. Kf2 Ra2+ 110. Ke3 Ra3+ 111. Ke2 Ra2+ 112. Kd3 Ra3+ 113. Kd2 Rf3 114. f5+ Rxf5 115. Rb4 Re5 116. Rf4 Kf7 117. Kd3 Ke6 118. Ra4 Kf5 119. Rc4 Re1 120. Rc6 Rh1 121. Rc4 Re1 122. Rc6 Re6 123. Rc4 Re5 124. Ra4 Rb5 125. Ke3 1/2-1/2

[Event "*** Titled Tuesday 3|2 Blitz"]
[Site "Chess.com"]
[Date "2015.12.01"]
[Round "9"]
[White "jefferyx"]
[Black "Hikaru"]
[Result "0-1"]
[WhiteElo "2566"]
[BlackElo "2906"]
[TimeControl "180+2"]
[EndTime "18:54:03 PST"]
[Termination "Hikaru won by resignation"]

1. b4 e5 2. a3 d5 3. Bb2 Bd6 4.
e3 Nf6 5. Nf3 Qe7 6. d4 e4 7.
Nfd2 Ng4 8. g3 h5 9. Be2 Qf6 10. Bxg4 Bxg4 11. Qc1 h4 12. Rf1 hxg3 13. hxg3 Rh2 14.
Nc3 Qf5 15. Nb3 Bh3 0-1

[Event "*** Titled Tuesday 3|2 Blitz"]
[Site "Chess.com"]
[Date "2015.12.01"]
[Round "9"]
[White "kungmongmanh"]
[Black "Viaje"]
[Result "1-0"]
[WhiteElo "2346"]
[BlackElo "2162"]
[TimeControl "180+2"]
[EndTime "18:54:46 PST"]
[Termination "kungmongmanh won on time"]

1. d4 Nf6 2. c4 c5 3. d5 b5 4. cxb5 a6 5. b6 e6 6. Nc3 Nxd5 7. Nxd5 exd5 8. Qxd5 Nc6 9. e4 Be7 10. Bc4 O-O 11. Nf3 Qxb6 12. O-O Nb4 13. Qd1 d6 14. a3 Nc6 15. Bd5 Be6 16. h3 Bf6 17. Bxe6 fxe6 18.
Qxd6 Rfe8 19. Qd2 Rad8 20. Qc2 Nd4 21. Nxd4 Rxd4 22. Be3 1-0

[Event "*** Titled Tuesday 3|2 Blitz"]
[Site "Chess.com"]
[Date "2015.12.01"]
[Round "9"]
[White "ethylalcohol"]
[Black "gumersindo"]
[Result "0-1"]
[WhiteElo "1855"]
[BlackElo "2195"]
[TimeControl "180+2"]
[EndTime "18:55:45 PST"]
[Termination "gumersindo won on time"]

1. e4 c5 2. Nc3 d6 3. g3 Nc6 4. Bg2 e6 5. Nge2 Nge7 6. O-O g6 7. d4 cxd4 8. Nxd4 Bg7 9. Be3 O-O 10. Qd2 Ne5 11. b3 N7c6 12. Ndb5 Ng4 13. Rad1 Nxe3 14.
Qxe3 Qa5 15. Rd3 Nb4 16. Rxd6 Nxc2 17. Qd2 a6 18. Qxc2 axb5 19. a4 Qxc3 20. Qb1 bxa4 21. bxa4 Rxa4 22. Qb5 Ra1 23. h4 Rxf1+ 24. Bxf1 Bd4 25.
h5 Qxg3+ 26. Kh1 Qh4+ 0-1

[Event "*** Titled Tuesday 3|2 Blitz"]
[Site "Chess.com"]
[Date "2015.12.01"]
[Round "9"]
[White "Po6Don"]
[Black "Tirantes"]
[Result "1-0"]
[WhiteElo "2101"]
[BlackElo "2237"]
[TimeControl "180+2"]
[EndTime "18:56:22 PST"]
[Termination "Po6Don won by resignation"]

1. e4 c6 2. d4 d5 3. exd5 cxd5 4. c4 Nf6 5. Nc3 e6 6. Nf3 Be7 7. cxd5 Nxd5 8. Bd3 O-O 9. O-O Nc6 10. Re1 Nxc3 11.
bxc3 b6 12. Qe2 Bb7 13. Qe4 g6 14. Bh6 Re8 15. h4 Na5 16. Qf4 Bxf3 17. Qxf3 Bxh4 18. Bb5 Rc8 19. Bxe8 Qxe8 20. d5 e5 21. g3 Bd8 22.
Rad1 Nc4 23. d6 Qd7 24. Qe2 b5 25. Rd5 a6 26. Rxe5 Nxe5 27. Qxe5 f6 28. Qd5+ Kh8 29. Re7 Bxe7 30. Qf7 Rg8 31. dxe7 Qd1+ 32. Kg2 Qd7 33. Qxf6+ 1-0

[Event "*** Titled Tuesday 3|2 Blitz"]
[Site "Chess.com"]
[Date "2015.12.01"]
[Round "9"]
[White "Anton_Demchenko"]
[Black "HansCoolNiemann"]
[Result "0-1"]
[WhiteElo "2609"]
[BlackElo "2210"]
[TimeControl "180+2"]
[EndTime "18:56:24 PST"]
[Termination "HansCoolNiemann won by checkmate"]

1. e4 e6 2. d4 d5 3. Nc3 Nf6 4. e5 Nfd7 5. Nce2 c5 6. c3 Nc6 7. f4 Qb6 8. Nf3 cxd4 9. cxd4 Bb4+ 10. Bd2 f6 11. Bxb4 Qxb4+ 12. Qd2 Qxd2+ 13. Kxd2 fxe5 14. fxe5 O-O 15. b3 a5 16. a4 b6 17. Rc1 Bb7 18. Ke3 Rac8 19. g3 Rxf3+ 20. Kxf3 Nxd4+ 21. Ke3 Nf5+ 22. Kd2 Nc5 23. Kc2 d4 24. Rg1 Be4+ 25. Kd1 Ne3+ 26. Ke1 Nd3+ 27. Kd2 Nxc1 28. Nxd4 Nc2 29.
Nxe6 Nxb3+ 30. Kd1 Bf3+ 31. Be2 Ncd4 32. Nxd4 Rc1# 0-1

[Event "*** Titled Tuesday 3|2 Blitz"]
[Site "Chess.com"]
[Date "2015.12.01"]
[Round "9"]
[White "alex_zapata"]
[Black "Assasin14"]
[Result "0-1"]
[WhiteElo "2148"]
[BlackElo "1922"]
[TimeControl "180+2"]
[EndTime "18:56:24 PST"]
[Termination "Assasin14 won by resignation"]

1. e4 c5 2. Nf3 g6 3. d4 cxd4 4. Nxd4 Nc6 5. Nc3 Bg7 6. Be3 Nf6 7. Bc4 O-O 8. Bb3 d6 9. f3 Na5 10. Qd2 Bd7 11. h4 Nxb3 12. axb3 h5 13. Bh6 Qb6 14. O-O-O a5 15. g4 a4 16. gxh5 Nxh5 17. Bxg7 Kxg7 18. Nd5 Qd8 19. Rdg1 axb3 20. Nxb3 Ba4 21.
Rg5 Bxb3 22. Qc3+ e5 23. f4 Bxd5 24. fxe5 Ra1+ 25. Kd2 Rxh1 26. exd6+ Qf6 27. Rxd5 Rh2+ 28. Kc1 Qxc3 29. bxc3 0-1

[Event "*** Titled Tuesday 3|2 Blitz"]
[Site "Chess.com"]
[Date "2015.12.01"]
[Round "9"]
[White "BellJackson95"]
[Black "Gabrielian_Artur"]
[Result "0-1"]
[WhiteElo "2195"]
[BlackElo "2455"]
[TimeControl "180+2"]
[EndTime "18:57:15 PST"]
[Termination "Gabrielian_Artur won on time"]

1. e4 c5 2. Nf3 e6 3. d4 cxd4 4. Nxd4 Nf6 5. Nc3 d6 6. Be2 a6 7. a4 Nbd7 8. O-O b6 9. f4 Bb7 10. Bf3 Qc7 11. Re1 Rc8 12. Be3 Be7 13. Bf2 h5 14. g3 g6 15. h3 e5 16. Nb3 h4 17.
gxh4 exf4 18. Rc1 Ne5 19. Bd4 Rxh4 20. Kg2 Qd7 21. Rh1 Rxc3 22. Bxc3 Nxf3 23. Kxf3 Bxe4+ 24. Kf2 Bxh1 25. Qxh1 d5 26. Bxf6 Bxf6 27. Kg2 Qxa4 28. Qe1+ Qe4+ 29. Kh2 Kf8 30. Qf2 Qf5 31. Qf3 Kg7 32.
Rd1 Qxc2+ 33. Nd2 Qxb2 34. Qxd5 Rh5 35. Qf3 Re5 36. Kh1 Re3 37. Qg2 Rg3 38. Qf1 Qc2 0-1

[Event "*** Titled Tuesday 3|2 Blitz"]
[Site "Chess.com"]
[Date "2015.12.01"]
[Round "9"]
[White "bugsbunny444"]
[Black "Gevorg_Harutjunyan"]
[Result "1-0"]
[WhiteElo "2372"]
[BlackElo "2503"]
[TimeControl "180+2"]
[EndTime "18:57:23 PST"]
[Termination "bugsbunny444 won by checkmate"]

1. Nf3 Nf6 2. c4 g6 3. b4 Bg7 4. Bb2 O-O 5. g3 b6 6. Bg2 Bb7 7. O-O c5 8. b5 d5 9. cxd5 Nxd5 10. Bxg7 Kxg7 11. Qb3 Nf6 12. Nc3 Qd6 13. Rfd1 e5 14.
d3 Nbd7 15. Nxe5 Nxe5 16. Bxb7 Rae8 17. Ne4 Qe7 18. Nxf6 Qxf6 19. h3 h5 20. Qa4 Re7 21. Bg2 Rd8 22. Qf4 Qe6 23. d4 cxd4 24. Rxd4 Rc8 25. a4 Rc2 26. Rd2 Rc4 27. Bd5 Rxf4 28. Bxe6 Rb4 29. Bd5 Rd7 30. Raa2 Rb1+ 31. Kg2 Rc7 32.
f4 Nc4 33. Bxc4 Rxc4 34. Rd7 Rcc1 35. Rxa7 Rg1+ 36. Kf3 Rb3+ 37. e3 Kf6 38. Ra6 Re1 39. Rxb6+ Kg7 40. Re2 Rf1+ 41. Kg2 Ra1 42. Ra6 Rbb1 43. Kf3 f5 44. b6 Rf1+ 45. Rf2 Rfb1 46. a5 g5 47. fxg5 Kg6 48. b7+ Kxg5 49. h4# 1-0

[Event "*** Titled Tuesday 3|2 Blitz"]
[Site "Chess.com"]
[Date "2015.12.01"]
[Round "9"]
[White "DanielNaroditsky"]
[Black "Dlugy"]
[Result "0-1"]
[WhiteElo "2566"]
[BlackElo "2557"]
[TimeControl "180+2"]
[EndTime "18:57:32 PST"]
[Termination "Dlugy won by resignation"]

1. d4 Nf6 2. Nc3 g6 3. e4 d6 4. f4 Bg7 5. Nf3 O-O 6. Bd3 c5 7. dxc5 dxc5 8. e5 Nd5 9. Nxd5 Qxd5 10. Qe2 Bf5 11. Bxf5 gxf5 12. O-O Nc6 13. c3 Rad8 14. Be3 b6 15. Rfd1 Qe6 16. Ng5 Qg6 17. h4 e6 18. h5 Qh6 19. Rd6 Ne7 20. Rad1 Rxd6 21. exd6 Nd5 22. d7 Rd8 23. Rxd5 exd5 24. Bxc5 Qc6 25.
Be7 Rxd7 26. Bb4 Rd8 27. Nxf7 Re8 28. Ne5 Qe6 29. h6 Bxe5 30. fxe5 Qxe5 31. Qh5 Re6 32. Qg5+ Kf7 33. Qh5+ Rg6 34. c4 Qe3+ 35. Kf1 Qf4+ 36. Kg1 Qg4 37. Qh2 Qd4+ 38. Kf1 Qxc4+ 39. Kf2 Qd4+ 40. Ke2 0-1